 Dungeon Sprint DCSS version 0.31-a0-960-g0fca184906 (webtiles) character file.

Game seed: 9468345155872901936

427 sircluck the Grappler (level 6, -11/68 (71) HPs)
             Began as a Troll Berserker on Oct 23, 2023.
             Was an Elder of Trog.
             Mangled by a wight
             ... wielding a +4 war axe
              (18 damage)
             ... in the Dungeon (Sprint VII: "The Pits").
             The game lasted 00:00:22 (234 turns).

sircluck the Grappler (Troll Berserker)              Turns: 234, Time: 00:00:22

HP:   -11/68 (71)   AC:  4    Str: 28    XL:     6   Next: 65%
MP:   5/5           EV: 11    Int:  3    God:    Trog [****..]
Gold: 0             SH:  0    Dex:  9    Spells: 5/5 levels left

rFire   . .          .
                       - Unarmed
rCold   . . .        (no shield)
rNeg    . . .        a - +0 animal skin
rPois   .            (helmet restricted)
rElec   .            (no cloak)
rCorr   .            (gloves unavailable)
SInv    .            (boots unavailable)
Will    .....        (no amulet)
Stlth   +            (no ring)
HPRegen 1.11/turn    (no ring)
MPRegen 0.09/turn

%: no teleportation
@: lightly drained
A: large, unfitting armour, claws 3, regeneration 1, shaggy fur 1, tough skin 1
a: Renounce Religion, Berserk, Trog's Hand, Brothers in Arms


You were in the Dungeon.
You worshipped Trog.
Trog was greatly pleased with you.
You visited 1 branch

Inventory:

Armour
 a - a +0 animal skin (worn)
Scrolls
 g - a scroll of blinking
 i - 2 scrolls of vulnerability
 j - a scroll of butterflies
Potions
 b - 6 potions of curing
 c - 6 potions of heal wounds
 d - a potion of haste
 e - 4 potions of magic
 f - 3 potions of berserk rage
 h - 2 potions of invisibility


   Skills:
 + Level 7.5 Fighting
 + Level 7.4 Dodging
 + Level 8.8 Unarmed Combat


You had 5 spell levels left.
You didn't know any spells.
Your spell library was empty.

Dungeon Overview and Level Annotations

Branches:
Dungeon (1/1)

Altars:
Ashenzari
Cheibriados
Dithmenos
Elyvilon
Fedhas
Gozag
Hepliaklqana
Kikubaaqudgha
Makhleb
Nemelex Xobeh
Okawaru
Qazlal
Ru
Sif Muna
Trog
Uskayaw
Vehumet
Wu Jian
Xom
Yredelemnul
Zin
The Shining One
Jiyva
Lugonu


Innate Abilities, Weirdness & Mutations

You are too large for most types of armour.
You have claws for hands.
Your natural rate of healing is unusually fast.
You are covered in fur. (AC +1)
You have tough skin. (AC +1)


Message History

There is an open door here.
The warg howls!
A gnoll comes into view. It is wielding a +2 spear of venom.
A wight comes into view. It is wielding a +4 war axe.
There is an open door here.
A wight comes into view. It is wielding a +0 short sword.
Things that are here:
a +0 short sword; a +0 robe The warg attacks as it pursues you!
The warg bites you. The warg bites you!
There is an open door here.
You closely miss the warg. The warg barely misses you.
You scratch the warg but do no damage. The warg barely misses you.
You scratch the warg.
The warg is lightly wounded.
The warg bites you!
You miss the warg.
The warg is lightly wounded.
The warg bites you! x2
You mangle the warg!!
You kill the warg!
Trog accepts your kill.
You can now call in reinforcements.
Your Fighting skill increases to level 7!
Your Dodging skill increases to level 7!
The wight hits you with a +4 war axe.
You feel drained.
* * * LOW HITPOINT WARNING * * *
There is an open door, spattered with blood here.
You closely miss the wight. The wight barely misses you.
You barely miss the wight. The wight hits you with a +4 war axe!
* * * LOW HITPOINT WARNING * * *
You feel drained.
You closely miss the wight. The wight barely misses you.
You scratch the wight.
The wight is moderately damaged.
The wight hits you with a +4 war axe!
* * * LOW HITPOINT WARNING * * *
You scratch the wight.
The wight is heavily damaged.
The wight hits you with a +4 war axe!!
You die...

############
#_________.#
#_________.#
#_______...#######
##########'##.....
#.?(.')))'.##.....
##########.##.....
#...........'.....
#@#####†#####.....
#z#..#...'.##.....
#g#..#...#.#####'#
#w#..#####.##.....
#z#..'...#.##.....
#g#..'...).##.....
#.#..########...<.
#.#..'[))).##.....
#w#..#[))).##.....


You could see a worm, 2 wights, a gnoll and a goblin.

Vanquished Creatures
  A glass eye (D)
  A warg (D)
  A scorpion (D)
  A wight (D)
  An adder (D)
  A river rat (D)
  A bat skeleton (D)
  An endoplasm (D)
  A giant cockroach (D)
  A goblin (D)
  A rat (D)
11 creatures vanquished.

Notes
Turn   | Place    | Note
-------+----------+-------------------------------------------
     0 | D        | sircluck the Troll Berserker began the quest for the Orb.
     0 | D        | Reached XP level 1. HP: 22/22 MP: 0/0
    22 | D        | Found a bloodstained altar of Trog.
    22 | D        | Found a shimmering blue altar of Sif Muna.
    22 | D        | Found a viscous altar of Jiyva.
    22 | D        | Found a hazy altar of Hepliaklqana.
    22 | D        | Found an opulent altar of Gozag.
    23 | D        | Found a glowing golden altar of the Shining One.
    23 | D        | Found a glowing silver altar of Zin.
    23 | D        | Found a basalt altar of Yredelemnul.
    23 | D        | Found a shimmering altar of Xom.
    23 | D        | Found an ornate altar of the Wu Jian Council.
    23 | D        | Found a sacrificial altar of Ru.
    23 | D        | Found a stormy altar of Qazlal.
    23 | D        | Found an iron altar of Okawaru.
    23 | D        | Found a sparkling altar of Nemelex Xobeh.
    23 | D        | Found a burning altar of Makhleb.
    23 | D        | Found a blossoming altar of Fedhas.
    23 | D        | Found a white marble altar of Elyvilon.
    23 | D        | Found a shadowy altar of Dithmenos.
    23 | D        | Found a snail-covered altar of Cheibriados.
    25 | D        | Found a radiant altar of Vehumet.
    25 | D        | Found a corrupted altar of Lugonu.
    26 | D        | Found a hide-covered altar of Uskayaw.
    26 | D        | Found an ancient bone altar of Kikubaaqudgha.
    26 | D        | Found a broken altar of Ashenzari.
    69 | D        | Reached ** piety under Trog
    79 | D        | Noticed a scorpion
    87 | D        | Killed a scorpion
    88 | D        | Reached skill level 5 in Unarmed Combat
    88 | D        | Reached XP level 2. HP: 20/33 MP: 1/1
    88 | D        | Reached XP level 3. HP: 25/40 MP: 2/2
    88 | D        | Reached XP level 4. HP: 30/49 MP: 3/3
   112 | D        | Noticed a glass eye
   119 | D        | Reached *** piety under Trog
   125 | D        | Killed a glass eye
   126 | D        | Reached skill level 7 in Unarmed Combat
   126 | D        | Reached XP level 5. HP: 61/61 MP: 4/4
   130 | D        | Reached XP level 6. HP: 55/68 MP: 5/5
   205 | D        | Reached skill level 8 in Unarmed Combat
   211 | D        | Noticed a warg
   228 | D        | Killed a warg
   228 | D        | Reached **** piety under Trog
   234 | D        | Mangled by a wight

Illustrated notes

Levels and vault maps discovered:
D:        pitsprint [storerooms_1, entrance_room_1, metal_vault_2, armoury_1,
          mini_pit_1, grid_room_1, main_hall_1, silver_pit, the_coven_1,
          the_vestibule_1, steel_vault_3, golden_pit, hallway_of_sentries,
          crystal_vault_4, iron_vault_2, final_vault]

Skill      XL: |  1  2  3  4  5  6 |
---------------+-------------------+-----
Fighting       | 4 6 7 |  7.5
Dodging        | 4 6 7 |  7.4
Unarmed Combat | 5 7 8 |  8.8

Action                     |  1- 3 |  4- 6 || total
---------------------------+-------+-------++-------
  Melee: Unarmed           |    12 |    25 ||    37
 Armour: Animal skin       |     9 |    13 ||    22
  Dodge: Dodged            |     3 |     7 ||    10

Table legend: (Time is in decaauts)
 A = Elapsed time spent in this place.
 B = Non-inter-level travel time spent in this place.
 C = Inter-level travel time spent in this place.
 D = Time resting spent in this place.
 E = Time spent auto-exploring this place.
 F = Levels seen in this place.
 G = Mean time per level.
                   A        B        C        D        E       F      G
               +--------+--------+--------+--------+--------+-----+--------+
         Total |    230 |    230 |      0 |      0 |    113 |   1 |  230.0 |
       Dungeon |    230 |    230 |      0 |      0 |    113 |   1 |  230.0 |
               +--------+--------+--------+--------+--------+-----+--------+

Top non-repeatable levels by time:
       D: 230 daAuts
